 Dungeon Crawl Stone Soup version 0.17.2-1-ge4368a0 (webtiles) character file.

116 TheWearerOfSilk the Insei (level 4, -1/35 HPs)
             Began as a Mummy Monk on Apr 29, 2017.
             Slain by a worker ant (8 damage)
             ... on level 3 of the Dungeon.
             The game lasted 00:04:19 (3566 turns).

TheWearerOfSilk the Insei (Mummy Monk)              Turns: 3566, Time: 00:04:20

Health: -1/35      AC:  1    Str: 14    XL:     4   Next: 69%
Magic:  4/4        EV: 13    Int:  9    God:
Gold:   102        SH:  0    Dex: 15    Spells: 0 memorised, 3 levels left

rFire  x . .     SeeInvis .       - Unarmed
rCold  + . .     Clarity  .     (no armour)
rNeg   + + +     SustAt   .     (no shield)
rPois  ∞         Gourm    .     d - +0 helmet
rElec  .         Spirit   .     (no cloak)
rCorr  .         Warding  .     (no gloves)
rMut   .         Stasis   .     (no boots)
MR     .....                    (no amulet)
Stlth  +++.......               f - ring of stealth
                                (no ring)

@: not resistant to hostile enchantments, fairly stealthy
A: no food or potions, fire vulnerability, cold resistance 1, negative energy
resistance 3, torment resistance, unbreathing
a: no special abilities


You were on level 3 of the Dungeon.
You were not hungry.

You visited 1 branch of the dungeon, and saw 4 of its levels.

You collected 102 gold pieces.


Innate Abilities, Weirdness & Mutations

You do not eat or drink.
Your flesh is vulnerable to fire.
You are immune to poison.
Your flesh is cold resistant.
You are immune to negative energy.
You are immune to unholy pain and torment.
You can survive without breathing.


   Skills:
 + Level 3.2 Fighting
 - Level 2.4 Dodging
 - Level 1.5 Stealth
 - Level 5.0 Unarmed Combat


You had 3 spell levels left.
You didn't know any spells.

Inventory:

Armour
 d - a +0 helmet (worn)
Jewellery
 f - a ring of stealth (right hand)
Scrolls
 a - 2 scrolls of immolation {!r}
 b - a scroll of teleportation {@r4}
 c - 2 scrolls of amnesia
 g - a scroll of random uselessness
 h - a scroll of blinking
 i - a scroll of magic mapping {unknown}

Dungeon Overview and Level Annotations

Branches:
Dungeon (4/15)
 Temple: D:4-7

Altars:
Yredelemnul

▒.▒▒▒▒▒..▒▒▒.▒▒▒▒▒▒▒▒▒▒▒▒▒▒▒
▒.▒ ▒......................
▒ ▒.▒
▒.▒..▒▒.▒▒▒▒▒▒▒▒▒▒▒▒▒▒▒ ▒
▒.▒ ▒.▒..(............▒ ▒. ▒
▒.▒ ▒.▒.÷.▒(▒▒........▒ ▒. ▒
▒[▒ ▒.▒...▒..)........▒ ▒. ▒
▒.▒ ▒.▒▒▒...▒.....%...▒ ▒. ▒
▒.▒ ▒.▒ ▒..<▒.▒'▒▒▒▒▒▒▒ ▒.
▒▒▒ ▒.▒ ▒.▒ ▒.M>▒.▒.▒ ▒.
'.▒▒▒▒.▒ ▒.▒ ▒B▒.▒.▒.▒ ▒.
▒....).▒ ▒.▒ ▒.▒.▒.▒.▒ ▒.
.......▒ ▒.▒ ▒.▒.▒.▒.▒ ▒.
......▒▒ ▒.▒▒▒.▒.▒.▒.▒ ▒.
...%..▒ ▒.....▒.▒.▒.▒ ▒.
..▒▒▒▒▒
▒▒▒▒▒▒▒▒▒.▒.▒.▒▒▒▒▒▒▒▒▒▒.
..▒
▒...........▒..........▒.
▒.▒
▒...........▒▒▒▒▒▒▒▒▒▒.▒.


You could see a worker ant.


Message History

You start resting!
A worker ant comes into view!
You regained 5 hp, and now have 29/35 hp!
(D) Dungeon
Where to? (Enter - D:3 @ (x,y), ? - help)
A worker ant is nearby!!!
The worker ant twitches its antennae in your direction!
You squash the worker ant like the proverbial ant!
You punch the worker ant!!!
The worker ant is heavily wounded!
The worker ant bites you!
You take 4 damage, and have 25/35 hp!
You squash the worker ant like the proverbial ant!
The worker ant is severely wounded!
The worker ant bites you!
You take 6 damage, and have 19/35 hp!
You barely miss the worker ant!
The worker ant is severely wounded!
The worker ant bites you!!! * * * don't die
* * * You take 7 damage, and have 12/35 hp!
You closely miss the worker ant!
The worker ant is severely wounded!
The worker ant bites you! * * * don't die
* * * You take 5 damage, and have 7/35 hp!
You squash the worker ant like the proverbial ant!
The worker ant is severely wounded!
The worker ant bites you!!! rip

Action                   |  1- 3 |  4- 6 || total
-------------------------+-------+-------++-------
Melee: Unarmed           |   146 |   115 ||   261
  Use: Scroll            |       |     5 ||     5
 Stab: Sleeping          |     6 |     6 ||    12

Vault maps used:
D:1:      ncdulo_wetmaze
D:2:      lemuel_zombie_altar_yredelemnul, first_bread
D:3:      ecumenical_altar_2
D:4:      nicolae_gozag_cash_rules_everything_around_me

Notes
Turn   | Place    | Note
--------------------------------------------------------------
     0 | D:1      | TheWearerOfSilk the Mummy Monk began the quest for the Orb.
     0 | D:1      | Reached XP level 1. HP: 18/18 MP: 1/1
    12 | D:1      | For Dicku
   332 | D:1      | Reached XP level 2. HP: 20/24 MP: 2/2
  1106 | D:2      | Reached skill level 4 in Unarmed Combat
  1135 | D:1      | Reached XP level 3. HP: 18/29 MP: 3/3
  1944 | D:2      | Found a basalt altar of Yredelemnul.
  2211 | D:3      | Found a faded altar to an unknown god.
  2231 | D:3      | Reached XP level 4. HP: 20/35 MP: 4/4
  3246 | D:3      | Reached skill level 5 in Unarmed Combat
  3460 | D:4      | Noticed a phantom
  3566 | D:3      | Slain by a worker ant

Vanquished Creatures
  A worker ant zombie (D:3)
  4 adders
  A worm (D:3)
  2 giant geckos (D:3)
  2 orcs (D:3)
  A ball python (D:1)
  2 giant cockroaches (D:3)
  2 gnoll zombies (D:2)
  11 goblins
  2 hobgoblins
  8 jackals
  A quokka (D:1)
  6 bats
  6 giant newts
  7 kobolds
  6 rats
62 creatures vanquished.
